 Dungeon Crawl Stone Soup version 0.31.0-32-g396128a36d (webtiles) character file.

Game seed: 6966751337434459483

110 hawla the Ducker (level 4, 0/25 HPs)
             Began as a Deep Elf Fire Elementalist on Apr 7, 2024.
             Succumbed to Crazy Yiuf's poison
             ... on level 2 of the Dungeon.
             The game lasted 00:02:52 (1277 turns).

hawla the Ducker (Deep Elf Fire Elementalist)       Turns: 1277, Time: 00:02:53

Health: 0/25       AC:  4    Str:  5    XL:     4   Next: 61%
Magic:  4/10       EV: 14    Int: 22    God:
Gold:   47         SH:  0    Dex: 15    Spells: 2/9 levels left

rFire   . . .        (no weapon)
rCold   . . .        (no shield)
rNeg    . . .        a - +0 robe
rPois   .            b - +0 helmet
rElec   .            h - +0 cloak
rCorr   .            (no gloves)
SInv    .            (no boots)
Will    .....        (no amulet)
Stlth   ++           (no ring)
HPRegen 0.24/turn    (no ring)
MPRegen 0.12/turn

%: no passive effects
@: lethally poisoned (0 -> -3), on berserk cooldown, slowed, very slow
A: no striking features
a: no special abilities


You were on level 2 of the Dungeon.
You visited 1 branch of the dungeon, and saw 2 of its levels.

You collected 47 gold pieces.

Inventory:

Armour
 a - a +0 robe (worn)
 b - a +0 helmet (worn)
 h - a +0 cloak (worn)
Jewellery
 e - a ring of poison resistance
Scrolls
 f - a scroll of enchant weapon {unknown}
 g - a scroll of vulnerability {unknown}
 i - 2 scrolls of amnesia {unknown}
 j - a scroll of immolation {unknown}
 k - a scroll of butterflies {unknown}
Potions
 c - a potion of berserk rage
 d - a potion of invisibility {unknown}


   Skills:
 - Level 1.1 Fighting
 - Level 5.0 Dodging
 - Level 2.4 Stealth
 - Level 3.0 Spellcasting
 + Level 1.7 Conjurations
 + Level 3.6 Fire Magic


You had 2 spell levels left.
You knew the following spells:

 Your Spells              Type           Power      Damage    Failure   Level
a - Foxfire               Conj/Fire      60%        2x1d7     4%          1
b - Scorch                Fire           38%        2d6       4%          2
c - Flame Wave            Conj/Fire      15%        2d7       38%         4

Your spell library contained the following spells:

 Spells                   Type           Power      Damage    Failure   Level
 Inner Flame              Hex/Fire       11%        N/A       19%         3
 Volatile Blastmotes      Fire/Tloc      22%        2d11      19%         3


Dungeon Overview and Level Annotations

Branches:
Dungeon (2/15)

Altars:


Message History

Crazy Yiuf's fire resistance burns away.
Crazy Yiuf hits you with a +3 quarterstaff of chaos!
Ouch! That really hurt!
You are lethally poisoned!
Casting: Scorch (safe; 4% risk of failure)
Confirm with . or Enter, or press ? or * to list all spells.
Flames lash Crazy Yiuf.
Crazy Yiuf is burned terribly!
Crazy Yiuf is almost dead.
You feel very sick.
Crazy Yiuf whimpers, "Snurf aubergine horse!"
Crazy Yiuf hits you with a +3 quarterstaff of chaos.
* * * LOW HITPOINT WARNING * * *
Casting: Scorch (safe; 4% risk of failure)
Confirm with . or Enter, or press ? or * to list all spells.
Flames lash Crazy Yiuf.
Crazy Yiuf is burned terribly!
You kill Crazy Yiuf!
* * * LOW HITPOINT WARNING * * *
You feel sick.
Unknown command.
* * * LOW HITPOINT WARNING * * *
You feel sick.
There is an open translucent door here.
Things that are here:
a +3 quarterstaff of chaos; a +0 cloak
There is a lethal amount of poison in your body!
It was a potion of berserk rage.
A red film seems to cover your vision as you go berserk!
You feel yourself moving faster!
You feel mighty!
* * * LOW HITPOINT WARNING * * *
You feel sick.
You feel a strong urge to attack something.
* * * LOW HITPOINT WARNING * * *
You feel sick.
You are too berserk!
* * * LOW HITPOINT WARNING * * *
You feel sick.
You feel your anger nearly subside.
You are no longer berserk.
You are exhausted.
You feel yourself slow down.
You die...

#.# ##..##
#.# #.P.^#
#.# #.P.##
##.# ##.##
#..# #.##
########.##
##.#
##.#.#>##.#
#.##
#.......#.#
##.#
##†#.#.##.##
#@#
#..†.......#
#...#
.#.#.#.#####
#...#
...........
#..)#
.#)#.#.#.#
#####
#........#
##.#.#.###
........#
##.#.#.##


There were no monsters in sight!

Vanquished Creatures
  Crazy Yiuf (D:2)
  Jessica (D:2)
  Natasha (D:2)
  A ribbon worm (D:2)
  2 ball pythons (D:1)
  5 bats
  6 endoplasms
  A giant cockroach (D:2)
  2 goblins (D:1)
  2 hobgoblins
  A frilled lizard (D:2)
  2 kobolds
  2 rats (D:1)
27 creatures vanquished.

Vanquished Creatures (others)
  65 foxfires
65 creatures vanquished.

Grand Total: 92 creatures vanquished

Notes
Turn   | Place    | Note
-------+----------+-------------------------------------------
     0 | D:1      | hawla the Deep Elf Fire Elementalist began the quest for
                  | the Orb.
     0 | D:1      | Reached XP level 1. HP: 10/10 MP: 6/6
   209 | D:1      | Reached skill level 3 in Dodging
   452 | D:1      | Reached XP level 2. HP: 15/15 MP: 5/8
   927 | D:2      | Reached skill level 4 in Dodging
   939 | D:2      | Learned a level 2 spell: Scorch
  1111 | D:2      | Noticed Natasha
  1115 | D:2      | Noticed Jessica
  1116 | D:2      | Reached XP level 3. HP: 18/19 MP: 5/9
  1117 | D:2      | Killed Natasha
  1127 | D:2      | Killed Jessica
  1128 | D:2      | Reached skill level 1 in Fighting
  1128 | D:2      | Reached skill level 5 in Dodging
  1128 | D:2      | Reached XP level 4. HP: 25/25 MP: 5/10
  1133 | D:2      | Learned a level 4 spell: Flame Wave
  1264 | D:2      | Found a runed translucent door.
  1265 | D:2      | Noticed Crazy Yiuf
  1271 | D:2      | Killed Crazy Yiuf
  1277 | D:2      | Succumbed to Crazy Yiuf's poison

Illustrated notes

Levels and vault maps discovered:
D:1:      mrwooster_arrival_statue_2, layout_basic
D:2:      layout_rooms, hellmonk_ecumenical_altar_prayer_group, st_stairs_12,
          minmay_liquid_box, uniq_jessica, uniq_natasha, uniq_crazy_yiuf_cottage

Skill      XL: |  1  2  3 |
---------------+----------+-----
Dodging        | 3 4 5 |  5.0
Fighting       | 1 |  1.1
Stealth        | |  2.4
Spellcasting   | |  3.0
Conjurations   | |  1.7
Fire Magic     | |  3.6

Action                     |  1- 3 |  4- 6 || total
---------------------------+-------+-------++-------
  Melee: Unarmed           |     3 |       ||     3
   Cast: Foxfire           |    39 |       ||    39
         Scorch            |     3 |     4 ||     7
    Use: Potion            |     1 |     1 ||     2
 Armour: Robe              |     3 |     2 ||     5
  Dodge: Dodged            |    13 |       ||    13
